 Dungeon Crawl Stone Soup version 0.27-a0-1591-gc56fcc985a (webtiles) character file.

Game seed: 8267728206871556276

84 avis the Insei (level 4, -3/29 HPs)
             Began as an Octopode Transmuter on July 19, 2021.
             Killed by divine providence
             ... invoked by an orc priest
              (15 damage)
             ... on level 3 of the Dungeon.
             The game lasted 00:13:42 (2176 turns).

avis the Insei (Octopode Transmuter)                Turns: 2176, Time: 00:13:45

Health: -3/29      AC:  1    Str: 10    XL:     4   Next: 45%
Magic:  7/7        EV: 17    Int: 15    God:
Gold:   47         SH:  0    Dex: 12    Spells: 3/7 levels left

rFire    . . .     SeeInvis .   a - +0 whip (venom)
rCold    . . .     Faith    .   (no shield)
rNeg     . . .     Spirit   .   (helmet currently unavailable)
rPois    .         Reflect  .   (no amulet)
rElec    .         Harm     .   k - +4 ring of evasion
rCorr    .         Rampage  .   (no ring)
Will     .....                  (no ring)
Stlth    +++.......             (no ring)
HPRegen  0.09/turn              (no ring)
MPRegen  0.10/turn              (no ring)
                                (no ring)
                                (no ring)

@: appendages (expiring)
A: tentacle spike 3, almost no armour, amphibious, 8 rings, camouflage 1,
gelatinous body 1, (nimble swimmer 1), tentacles
a: End Transformation


You were on level 3 of the Dungeon.
One of your tentacles had grown a beastly spike.
You visited 1 branch of the dungeon, and saw 3 of its levels.

You collected 47 gold pieces.

Inventory:

Hand Weapons
 a - a +0 whip of venom (weapon)
 e - a +0 dagger
 o - a +0 hunting sling
 p - a +0 dagger of pain
Missiles
 d - 30 sling bullets
 g - 45 stones
Jewellery
 k - a +4 ring of evasion (left tentacle)
Scrolls
 b - a scroll of vulnerability {unknown}
 c - 4 scrolls of identify {unknown}
 f - a scroll of holy word {unknown}
 h - a scroll of noise {unknown}
 m - a scroll of blinking {unknown}
 n - a scroll of enchant armour {unknown}
Potions
 i - a potion of curing {unknown}
 j - a potion of cancellation {unknown}
 l - a potion of heal wounds {unknown}


   Skills:
 * Level 2.1 Fighting
 - Level 2.0 Dodging
 - Level 2.0 Stealth
 - Level 4.0 Unarmed Combat
 - Level 2.0 Spellcasting
 - Level 2.0 Transmutations
 - Level 2.0 Poison Magic


You had 3 spell levels left.
You knew the following spells:

 Your Spells              Type           Power      Damage    Failure   Level
a - Beastly Appendage     Tmut           14%        N/A       10%         1
p - Spider Form           Tmut/Pois      3%         N/A       28%         3

Your spell library contained the following spells:

 Spells                   Type           Power      Damage    Failure   Level
 Wereblood                Tmut           7%         N/A       14%         2
 Ice Form                 Ice/Tmut       4%         N/A       82%         4


Dungeon Overview and Level Annotations

Branches:
Dungeon (3/15)

Altars:


Innate Abilities, Weirdness & Mutations

One of your tentacles has grown a beastly spike.
You cannot wear most types of armour.
You are amphibious.
You can wear up to eight rings at the same time.
Your skin changes colour to match your surroundings (Stealth+).
Your rubbery body absorbs attacks. (AC +1, EV +1)
((You are camouflaged near water. (Stealth+)))
You have tentacles for arms and can constrict up to eight enemies at once.


Message History

a +0 robe; an orc corpse An orc comes into view.
It is wielding a +0 dagger.
The orc shouts!
You hear a shout!
Casting: Beastly Appendage (safe; 10% risk of failure)
Confirm with . or Enter, or press ? or * to list all spells.
One of your tentacles grows a vicious spike.
An orc priest comes into view. It is wielding a +1 flail of venom.
An orc priest comes into view. It is wielding a +0 mace.
The orc priest moves out of view.
You closely miss the orc. You grab the orc.
You pierce the orc.
The orc is heavily wounded.
You constrict the orc.
The orc escapes!
You hit the orc.
You kill the orc!
The orc priest begins to cast a cantrip, but forgets the words!
An orc comes into view. It is wielding a +0 flail.
A rat comes into view.
Your transformation is almost over.
The orc priest misses you.
The orc shouts!
You hit the orc priest. You grab the orc priest.
The orc priest is moderately wounded.
You constrict the orc priest.
You hear a shout!
The orc priest mumbles some strange prayers to Beogh against you.
Pain shoots through your body!
You hit the orc priest.
The orc priest is poisoned.
The orc priest is severely wounded.
You constrict the orc priest.
A bat comes into view.
The orc priest mumbles some strange prayers to Beogh against you.
Pain shoots through your body!
You hit the orc priest but do no damage.
The orc priest looks as sick as possible!
You pierce the orc priest.
You kill the orc priest!
The orc priest mumbles some strange prayers to Beogh against you.
Beogh smites you!
Ouch! That really hurt!
You die...

.#............... ...
..<.....................
.#.
#.)#....................
#.
.......###..............
#.
.......###..............
#.
>.......................
...
......####..............
... .....##
#...............
.....)###.......@)......
.....)........)..o.####.
###..[)..........b.....
.....)†...........r...o.
........................
....................r...
.........##########.....
.........# .....
...........


You could see an orc priest, an orc, a bat and 2 rats.

Vanquished Creatures
  An orc priest (D:3)
  An orc wizard (D:3)
  An adder (D:2)
  2 worms (D:2)
  3 dart slugs
  3 orcs (D:3)
  An endoplasm (D:2)
  A giant cockroach (D:1)
  2 goblins
  6 hobgoblins
  3 jackals (D:2)
  A ball python (D:1)
  A bat (D:2)
  5 frilled lizards
  5 kobolds
  A rat (D:1)
37 creatures vanquished.

Notes
Turn   | Place    | Note
-------+----------+-------------------------------------------
     0 | D:1      | avis the Octopode Transmuter began the quest for the Orb.
     0 | D:1      | Reached XP level 1. HP: 13/13 MP: 3/3
   121 | D:1      | Reached skill level 1 in Stealth
   248 | D:1      | Found a faded altar of an unknown god.
   668 | D:1      | Reached XP level 2. HP: 18/18 MP: 3/5
  1370 | D:2      | Reached skill level 1 in Poison Magic
  1420 | D:2      | Reached XP level 3. HP: 23/24 MP: 4/6
  1525 | D:2      | Learned a level 3 spell: Spider Form
  2141 | D:3      | Reached XP level 4. HP: 27/29 MP: 5/7
  2146 | D:3      | Reached skill level 4 in Unarmed Combat
  2176 | D:3      | Killed from afar by an orc priest

Illustrated notes

Levels and vault maps discovered:
D:1:      amcnicky_arrival_choice, layout_loops_cross,
          shapermc_ecumenical_altar_mp_ritualfount
D:2:      layout_loops_corners, minivault_19
D:3:      layout_basic, mainiacjoe_overflow_brackets,
          yredelemnul_forgotten_temple_becter,
          mainiacjoe_overflow_small_starburst

Skill      XL: |  1  2  3  4 |
---------------+-------------+-----
Stealth        | 2 |  2.0
Fighting       | 2 |  2.1
Poison Magic   | 1 2 |  2.0
Unarmed Combat | 4 |  4.0
Dodging        | |  2.0
Spellcasting   | |  2.0
Transmutations | |  2.0

Action                   |  1- 3 |  4- 6 || total
-------------------------+-------+-------++-------
Melee: Unarmed           |    10 |       ||    10
       Kick              |    15 |     4 ||    19
       Constrict         |    19 |     5 ||    24
       Dagger            |     4 |       ||     4
       Tentacles         |     8 |       ||     8
       Whip              |    41 |    10 ||    51
 Cast: Beastly Appendage |    29 |     1 ||    30
 Stab: Sleeping          |    13 |       ||    13
       Distracted        |     1 |       ||     1
Armor: Skin              |     1 |       ||     1
Dodge: Dodged            |    24 |     6 ||    30

Table legend: (Time is in decaauts)
 A = Elapsed time spent in this place.
 B = Non-inter-level travel time spent in this place.
 C = Inter-level travel time spent in this place.
 D = Time resting spent in this place.
 E = Time spent auto-exploring this place.
 F = Levels seen in this place.
 G = Mean time per level.
                   A        B        C        D        E       F      G
               +--------+--------+--------+--------+--------+-----+--------+
         Total |   2183 |   1979 |    204 |    325 |    825 |   3 |  727.7 |
       Dungeon |   2183 |   1979 |    204 |    325 |    825 |   3 |  727.7 |
               +--------+--------+--------+--------+--------+-----+--------+

Top non-repeatable levels by time:
     D:2: 1302 daAuts
     D:1: 753 daAuts
     D:3: 127 daAuts
